Sharks vs Canadiens
Created - December 31, 2020 at 20:38
Goals
|
| Sharks |
0 |
0 |
5 |
5 |
| Canadiens |
1 |
1 |
2 |
4 |
|
Shots
|
| Sharks |
9 |
8 |
16 |
33 |
| Canadiens |
12 |
10 |
10 |
32 |
|
1st period
1. Canadiens , Benoit Pouliot 5 (Corey Perry 9) at 5:24 (PP)
Penalties :
Brandon Dubinsky (SJS) for Hooking (Minor) at 4:25, Cameron Gaunce (Mon) for Holding (Minor) at 9:27, Philip Larsen (Mon) for Hooking (Minor) at 13:45
2nd period
2. Canadiens , Benoit Pouliot 6 (Mark Stuart 9, David Pastrnak 12) at 11:08
Penalties :
Zach Boychuk (SJS) for Holding (Minor) at 13:03, Bobby Butler (SJS) for Hooking (Minor) at 15:28
3rd period
3. Canadiens , Benoit Pouliot 7 (David Pastrnak 13) at 3:29
4. Canadiens , Benoit Pouliot 8 (Corey Perry 10, Henrik Sedin 16) at 5:16 (PP)
5. Sharks , Zach Boychuk 5 (Jiri Tlusty 9, Brayden McNabb 2) at 9:23
6. Sharks , Oskar Osala 10 (Tyler Cuma 7) at 11:13
7. Sharks , Oskar Osala 11 (Drew Doughty 18, Jason Spezza 18) at 11:50
8. Sharks , Milan Michalek 8 (Karl Alzner 8, Tyler Cuma 8) at 17:40
9. Sharks , Tyler Cuma 2 (Nick Palmieri 15) at 19:38
Penalties :
Brayden McNabb (SJS) for Tripping (Minor) at 5:07
Goalie Stats
Ryan Miller (SJS), 28 saves from 32 shots - (0.875), W, 12-6-7, 60:00 minutes
Kristers Gudlevskis (Mon), 28 saves from 33 shots - (0.848), L, 9-11-4, 59:42 minutes
Players Stats for Sharks
Player Name G A P +/- PIM S H SB GA TA FO MP PP MP PK MP
------------------------------------------------------------------------------------
Andrej Sekera 0 0 0 1 0 0 0 0 0 1 0/0 12:34 0:00 0:00
Bobby Butler 0 0 0 2 2 0 0 1 0 0 0/0 12:24 0:00 0:00
Boone Jenner 0 0 0 0 0 1 0 0 0 0 2/3 7:45 0:00 0:34
Brandon Dubinsky 0 0 0 2 2 4 1 1 1 0 1/1 16:22 1:35 1:26
Brayden McNabb 0 1 1 1 2 0 1 1 1 0 0/0 12:33 0:00 0:00
Drew Doughty 0 1 1 0 0 3 0 3 2 3 0/0 27:25 2:25 3:07
Jason Spezza 0 1 1 -1 0 1 2 0 0 1 14/35 23:36 2:23 3:06
Jiri Tlusty 0 1 1 0 0 2 0 1 0 0 0/0 7:02 0:00 0:00
Karl Alzner 0 1 1 2 0 2 0 2 0 2 0/0 20:01 1:33 1:59
Luke Adam 0 0 0 1 0 3 3 0 1 0 3/8 12:15 0:00 0:00
Mike Cammalleri 0 0 0 -1 0 0 1 0 0 0 0/0 21:40 2:23 1:10
Milan Michalek 1 0 1 2 0 2 1 1 0 0 0/0 12:19 0:00 0:00
Nick Palmieri 0 1 1 -1 0 2 2 0 1 1 1/2 23:35 2:23 2:59
Oskar Osala 2 0 2 2 0 3 1 0 0 0 1/2 14:54 1:35 0:00
PK Subban 0 0 0 0 0 3 1 5 1 2 0/0 27:25 2:25 3:07
T.J. Hensick 0 0 0 2 0 3 1 0 0 0 9/10 14:54 1:35 0:00
Tyler Cuma 1 2 3 2 0 3 2 1 0 0 0/0 20:01 1:33 1:59
Zach Boychuk 1 0 1 1 2 1 3 0 0 0 0/0 8:05 0:00 0:57
Players Stats for Canadiens
Player Name G A P +/- PIM S H SB GA TA FO MP PP MP PK MP
------------------------------------------------------------------------------------
Benoit Pouliot 4 0 4 0 0 8 3 0 0 1 1/1 18:56 2:34 1:39
Brett Maclean 0 0 0 -1 0 0 1 2 0 1 0/0 10:45 0:00 0:32
Bryce Lampman 0 0 0 -2 0 4 1 4 0 0 0/0 27:39 2:33 2:20
Cameron Gaunce 0 0 0 -3 2 1 0 0 0 0 0/0 12:37 0:00 0:00
Colton Parayko 0 0 0 -2 0 1 1 4 3 2 0/0 27:39 2:33 2:20
Corey Perry 0 2 2 -2 0 4 1 0 1 2 2/5 22:35 2:34 2:12
David Pastrnak 0 2 2 0 0 2 1 0 1 0 0/1 17:13 2:32 0:00
Dustin Boyd 0 0 0 0 0 2 1 2 0 0 0/3 8:08 0:00 0:00
Frans Nielsen 0 0 0 0 0 0 3 0 0 0 8/15 17:13 2:32 0:00
Greg Stewart 0 0 0 -2 0 4 0 1 2 0 1/1 21:46 2:32 1:17
Henrik Sedin 0 1 1 -2 0 2 0 1 1 0 16/31 22:41 2:34 2:16
Jordan Szwarz 0 0 0 0 0 0 0 0 2 0 0/0 8:08 0:00 0:00
Mark Stuart 0 1 1 2 0 1 0 1 0 0 0/0 19:45 2:33 1:38
Nick Spaling 0 0 0 0 0 0 0 0 0 0 0/0 8:08 0:00 0:00
Philip Larsen 0 0 0 -3 2 0 1 1 0 1 0/0 12:40 0:00 0:00
Pierre-Marc Bouchard 0 0 0 -1 0 0 0 0 0 0 2/4 10:11 0:00 0:00
Raphael Diaz 0 0 0 2 0 1 0 1 0 0 0/0 19:45 2:33 1:38
Steve Downie 0 0 0 -1 0 2 2 1 0 0 0/0 10:11 0:00 0:00
3 Stars
1 - Benoit Pouliot (Mon)
2 - Tyler Cuma (SJS)
3 - Oskar Osala (SJS)
Power Play
Sharks - 0 on 2 Attempt(s) - 0.00%
Canadiens - 2 on 4 Attempt(s) - 50.00%
Penalty Kill
Sharks - 2 on 4 Attempt(s) - 50.00%
- Score 0 goal in Penalty Kill
Canadiens - 2 on 2 Attempt(s) - 100.00%
- Score 0 goal in Penalty Kill
Team Stat
Sharks - Hits : 19 - Faceoff Wins : 31 - Blocked Shots : 16 - Penalty Minutes : 8
Canadiens - Hits : 15 - Faceoff Wins : 30 - Blocked Shots : 18 - Penalty Minutes : 4
Official
Referees : Unknown
Linesman : Unknown
Game Notes
11:08 of 2nd period - Canadiens goal is going for a video replay. After video review, Goal.
Benoit Pouliot has scored a Hat Trick!
Finance
Level 1 -- Attendance: 5608 (93.47%) -- Ticket Income $572,016
Level 2 -- Attendance: 4854 (97.08%) -- Ticket Income $320,364
Level 3 -- Attendance: 1949 (97.45%) -- Ticket Income $81,858
Level 4 -- Attendance: 3603 (90.08%) -- Ticket Income $100,884
Luxury Box -- Attendance: 961 (96.10%) -- Ticket Income $174,902
Game was played at the Centre Bell.
Total Attendance: 16975 (94.31%)
Total Ticket Income: $1,250,024
Other Income: $187,504
Total Income: $1,437,528
Sharks
5 vs 5 Forward
Center Left Wing Right Wing Time % Phy DF OF
1 Jason Spezza Mike Cammalleri Nick Palmieri 40 1 2 2
2 T.J. Hensick Brandon Dubinsky Oskar Osala 30 1 2 2
3 Luke Adam Milan Michalek Bobby Butler 20 1 2 2
4 Boone Jenner Zach Boychuk Jiri Tlusty 10 1 2 2
5 vs 5 Defense
Defense Defense Time % Phy DF OF
1 Drew Doughty PK Subban 40 1 2 2
2 Tyler Cuma Karl Alzner 30 1 2 2
3 Andrej Sekera Brayden McNabb 20 1 2 2
4 Drew Doughty PK Subban 10 1 2 2
PowerPlay Forward
Center Left Wing Right Wing Time % Phy DF OF
1 Jason Spezza Mike Cammalleri Nick Palmieri 60 1 2 2
2 T.J. Hensick Brandon Dubinsky Oskar Osala 40 1 2 2
PowerPlay Defense
Defense Defense Time % Phy DF OF
1 Drew Doughty PK Subban 60 1 2 2
2 Tyler Cuma Karl Alzner 40 1 2 2
Penalty Kill 4 Players Forward
Center Wing Time % Phy DF OF
1 Jason Spezza Nick Palmieri 60 1 2 2
2 Mike Cammalleri Brandon Dubinsky 40 1 2 2
Penalty Kill 4 Players Defense
Defense Defense Time % Phy DF OF
1 Drew Doughty PK Subban 60 1 2 2
2 Tyler Cuma Karl Alzner 40 1 2 2
Penalty Kill - 3 Players Forward
Forward Time % Phy DF OF
1 Jason Spezza 60 1 2 2
2 Nick Palmieri 40 1 2 2
Penalty Kill - 3 Players Defense
Defense Defense Time % Phy DF OF
1 Drew Doughty PK Subban 60 1 2 2
2 Tyler Cuma Karl Alzner 40 1 2 2
4 vs 4 Forward
Center Wing Time % Phy DF OF
1 Jason Spezza Nick Palmieri 60 1 2 2
2 Mike Cammalleri Brandon Dubinsky 40 1 2 2
4 vs 4 Defense
Defense Defense Time % Phy DF OF
1 Drew Doughty PK Subban 60 1 2 2
2 Tyler Cuma Karl Alzner 40 1 2 2
Last Minutes Offensive
Center Left Wing Right Wing Defense Defense
Jason Spezza Mike Cammalleri Nick Palmieri Drew Doughty PK Subban
Last Minutes Defensive
Center Left Wing Right Wing Defense Defense
Jason Spezza Mike Cammalleri Nick Palmieri Drew Doughty PK Subban
Goaltenders
Starting : Ryan Miller
Backup : Antti Niemi
Extra Forwards
Normal : Milan Michalek, Bobby Butler, Zach Boychuk - PP : Milan Michalek, Bobby Butler - PK : Zach Boychuk
Extra Defensemen
Normal : Andrej Sekera, Brayden McNabb, Tyler Cuma - PP : Andrej Sekera - PK : Brayden McNabb, Tyler Cuma
Penalty Shots
Jason Spezza, Nick Palmieri, Mike Cammalleri, Brandon Dubinsky, Milan Michalek
Scratches
David Rundblad (Healthy)
Canadiens
5 vs 5 Forward
Center Left Wing Right Wing Time % Phy DF OF
1 Henrik Sedin Greg Stewart Corey Perry 40 0 2 3
2 Frans Nielsen Benoit Pouliot David Pastrnak 30 0 2 3
3 Pierre-Marc Bouchard Brett Maclean Steve Downie 20 0 2 3
4 Dustin Boyd Nick Spaling Jordan Szwarz 10 0 3 2
5 vs 5 Defense
Defense Defense Time % Phy DF OF
1 Colton Parayko Bryce Lampman 40 0 2 3
2 Mark Stuart Raphael Diaz 30 0 3 2
3 Philip Larsen Cameron Gaunce 20 0 3 2
4 Colton Parayko Bryce Lampman 10 0 3 2
PowerPlay Forward
Center Left Wing Right Wing Time % Phy DF OF
1 Frans Nielsen Greg Stewart David Pastrnak 50 0 0 5
2 Henrik Sedin Benoit Pouliot Corey Perry 50 0 0 5
PowerPlay Defense
Defense Defense Time % Phy DF OF
1 Colton Parayko Bryce Lampman 50 0 1 4
2 Mark Stuart Raphael Diaz 50 0 1 4
Penalty Kill 4 Players Forward
Center Wing Time % Phy DF OF
1 Corey Perry Henrik Sedin 60 1 3 1
2 Greg Stewart Benoit Pouliot 40 1 3 1
Penalty Kill 4 Players Defense
Defense Defense Time % Phy DF OF
1 Colton Parayko Bryce Lampman 60 1 3 1
2 Mark Stuart Raphael Diaz 40 1 3 1
Penalty Kill - 3 Players Forward
Forward Time % Phy DF OF
1 Corey Perry 60 1 4 0
2 Henrik Sedin 40 1 4 0
Penalty Kill - 3 Players Defense
Defense Defense Time % Phy DF OF
1 Colton Parayko Bryce Lampman 60 1 4 0
2 Mark Stuart Raphael Diaz 40 1 4 0
4 vs 4 Forward
Center Wing Time % Phy DF OF
1 Corey Perry Henrik Sedin 60 0 2 3
2 Greg Stewart Benoit Pouliot 40 0 2 3
4 vs 4 Defense
Defense Defense Time % Phy DF OF
1 Colton Parayko Bryce Lampman 60 0 2 3
2 Mark Stuart Raphael Diaz 40 0 2 3
Last Minutes Offensive
Center Left Wing Right Wing Defense Defense
Henrik Sedin Greg Stewart Corey Perry Colton Parayko Bryce Lampman
Last Minutes Defensive
Center Left Wing Right Wing Defense Defense
Frans Nielsen Greg Stewart Steve Downie Colton Parayko Bryce Lampman
Goaltenders
Starting : Kristers Gudlevskis
Backup : Allen York
Extra Forwards
Normal : Corey Perry, David Pastrnak, Brett Maclean - PP : Corey Perry, David Pastrnak - PK : Brett Maclean
Extra Defensemen
Normal : Philip Larsen, Cameron Gaunce, Mark Stuart - PP : Philip Larsen - PK : Cameron Gaunce, Mark Stuart
Penalty Shots
Corey Perry, Henrik Sedin, Greg Stewart, Benoit Pouliot, Frans Nielsen
Scratches
Nikolai Zherdev (Healthy), Viktor Stalberg (Healthy)
% Time on Ice - Sharks
Lines # - Real PCT - Wanted PCT - Time Play
Normal Forward
1 - 36% - 40% - 17:59
2 - 26% - 30% - 13:19
3 - 24% - 20% - 12:15
4 - 14% - 10% - 7:02
Normal Defense
1 - 39% - 40% - 19:54
2 - 33% - 30% - 16:29
3 - 25% - 20% - 12:34
4 - 3% - 10% - 1:38
PP Forward
1 - 60% - 60% - 2:23
2 - 40% - 40% - 1:35
PP Defense
1 - 61% - 60% - 2:25
2 - 39% - 40% - 1:33
PK Forward
1 - 77% - 60% - 3:56
2 - 23% - 40% - 1:10
PK Defense
1 - 61% - 60% - 3:07
2 - 39% - 40% - 1:59
PK3 Forward
1 - 0% - 60%
2 - 0% - 40%
PK3 Defense
1 - 0% - 60%
2 - 0% - 40%
44 Forward
1 - 0% - 60%
2 - 0% - 40%
44 Defense
1 - 0% - 60%
2 - 0% - 40%
Last Minute Offensive - 0:00
Last Minute Defensive - 0:21
Total
Forward - 60:00
Defense - 60:00
|
% Time on Ice - Canadiens
Lines # - Real PCT - Wanted PCT - Time Play
Normal Forward
1 - 35% - 40% - 17:33
2 - 29% - 30% - 14:43
3 - 20% - 20% - 10:11
4 - 16% - 10% - 8:08
Normal Defense
1 - 39% - 40% - 19:50
2 - 31% - 30% - 15:34
3 - 25% - 20% - 12:36
4 - 5% - 10% - 2:35
PP Forward
1 - 50% - 50% - 2:32
2 - 50% - 50% - 2:34
PP Defense
1 - 50% - 50% - 2:33
2 - 50% - 50% - 2:33
PK Forward
1 - 68% - 60% - 2:41
2 - 32% - 40% - 1:17
PK Defense
1 - 59% - 60% - 2:20
2 - 41% - 40% - 1:38
PK3 Forward
1 - 0% - 60%
2 - 0% - 40%
PK3 Defense
1 - 0% - 60%
2 - 0% - 40%
44 Forward
1 - 0% - 60%
2 - 0% - 40%
44 Defense
1 - 0% - 60%
2 - 0% - 40%
Last Minute Offensive - 0:21
Last Minute Defensive - 0:00
Total
Forward - 60:00
Defense - 60:00
|
Play-by-Play
1st period
0:01 of 1st period - Jason Spezza wins face-off versus Henrik Sedin in neutral zone.
0:26 of 1st period - Oskar Osala is hit by Frans Nielsen.
0:32 of 1st period - Slapshot by T.J. Hensick.
0:32 of 1st period - Shot Misses the Net.
1:17 of 1st period - Snap shot by Brandon Dubinsky.
1:17 of 1st period - Shot Hit the Post.
2:13 of 1st period - Off-side.
2:14 of 1st period - Boone Jenner wins face-off versus Dustin Boyd in neutral zone.
2:39 of 1st period - Bryce Lampman is hit by Jason Spezza and loses puck.
3:35 of 1st period - Wrist shot by Dustin Boyd.
3:35 of 1st period - Stopped by Ryan Miller with a rebound.
3:37 of 1st period - Slapshot by Philip Larsen.
3:37 of 1st period - Shot Blocked by PK Subban.
3:39 of 1st period - Slapshot by Cameron Gaunce.
3:39 of 1st period - Stopped by Ryan Miller without a rebound.
3:40 of 1st period - Henrik Sedin wins face-off versus Luke Adam in Sharks zone.
3:49 of 1st period - Snap shot by Greg Stewart.
3:49 of 1st period - Stopped by Ryan Miller with a rebound.
4:07 of 1st period - Bryce Lampman is hit by T.J. Hensick.
4:15 of 1st period - Wrist shot by Benoit Pouliot.
4:15 of 1st period - Shot Misses the Net.
4:25 of 1st period - Minor Penalty to Brandon Dubinsky for Hooking.
4:26 of 1st period - Frans Nielsen wins face-off versus Jason Spezza in Sharks zone.
4:52 of 1st period - Nick Palmieri is hit by Benoit Pouliot and loses puck.
5:13 of 1st period - Drew Doughty is hit by Benoit Pouliot and loses puck.
5:24 of 1st period - Wrist shot by Benoit Pouliot.
5:24 of 1st period - Goal by Benoit Pouliot - Sharks : 0 - Canadiens : 1.
5:25 of 1st period - Luke Adam wins face-off versus Pierre-Marc Bouchard in neutral zone.
5:33 of 1st period - Drew Doughty is hit by Steve Downie and loses puck.
5:38 of 1st period - Snap shot by Steve Downie.
5:38 of 1st period - Stopped by Ryan Miller with a rebound.
5:40 of 1st period - Slapshot by Bryce Lampman.
5:40 of 1st period - Stopped by Ryan Miller with a rebound.
5:59 of 1st period - Snap shot by Greg Stewart.
5:59 of 1st period - Stopped by Ryan Miller without a rebound.
6:00 of 1st period - Henrik Sedin wins face-off versus Jason Spezza in Sharks zone.
6:05 of 1st period - Wrist shot by Corey Perry.
6:05 of 1st period - Deflect By Jason Spezza.
6:05 of 1st period - Stopped by Ryan Miller without a rebound.
6:06 of 1st period - Jason Spezza wins face-off versus Henrik Sedin in Sharks zone.
6:23 of 1st period - Slapshot by Greg Stewart.
6:23 of 1st period - Shot Misses the Net.
6:43 of 1st period - T.J. Hensick is hit by Bryce Lampman.
6:57 of 1st period - Slapshot by PK Subban.
6:57 of 1st period - Shot Blocked by Colton Parayko.
7:58 of 1st period - Icing by Frans Nielsen.
7:59 of 1st period - T.J. Hensick wins face-off versus Frans Nielsen in Canadiens zone.
8:52 of 1st period - Snap shot by David Pastrnak.
8:52 of 1st period - Stopped by Ryan Miller without a rebound.
8:53 of 1st period - Henrik Sedin wins face-off versus Jason Spezza in Sharks zone.
8:54 of 1st period - Snap shot by Greg Stewart.
8:54 of 1st period - Stopped by Ryan Miller with a rebound.
9:06 of 1st period - Snap shot by Nick Palmieri.
9:06 of 1st period - Shot Blocked by Greg Stewart.
9:08 of 1st period - Wrist shot by Nick Palmieri.
9:08 of 1st period - Stopped by Kristers Gudlevskis with a rebound.
9:18 of 1st period - Snap shot by Drew Doughty.
9:18 of 1st period - Stopped by Kristers Gudlevskis with a rebound.
9:20 of 1st period - Slapshot by PK Subban.
9:20 of 1st period - Deflect By Luke Adam.
9:20 of 1st period - Stopped by Kristers Gudlevskis with a rebound.
9:27 of 1st period - Minor Penalty to Cameron Gaunce for Holding.
9:28 of 1st period - Corey Perry wins face-off versus Jason Spezza in Canadiens zone.
9:38 of 1st period - Backhand shot by Drew Doughty.
9:38 of 1st period - Stopped by Kristers Gudlevskis with a rebound.
10:07 of 1st period - Wrist shot by Benoit Pouliot.
10:07 of 1st period - Stopped by Ryan Miller with a rebound.
10:09 of 1st period - Slapshot by Mark Stuart.
10:09 of 1st period - Shot Blocked by Drew Doughty.
10:11 of 1st period - Wrist shot by Mark Stuart.
10:11 of 1st period - Stopped by Ryan Miller without a rebound.
10:12 of 1st period - Oskar Osala wins face-off versus Corey Perry in Sharks zone.
10:37 of 1st period - Karl Alzner is hit by Benoit Pouliot and loses puck.
11:27 of 1st period - Penalty to Cameron Gaunce is over, Cameron Gaunce is back on ice.
11:56 of 1st period - Raphael Diaz is hit by Zach Boychuk and loses puck.
12:01 of 1st period - Wrist shot by Boone Jenner.
12:01 of 1st period - Stopped by Kristers Gudlevskis without a rebound.
12:02 of 1st period - Boone Jenner wins face-off versus Frans Nielsen in Canadiens zone.
12:13 of 1st period - Karl Alzner is hit by Colton Parayko and loses puck.
12:40 of 1st period - Snap shot by Brandon Dubinsky.
12:40 of 1st period - Shot Blocked by Bryce Lampman.
12:42 of 1st period - Snap shot by T.J. Hensick.
12:42 of 1st period - Stopped by Kristers Gudlevskis with a rebound.
12:56 of 1st period - Slapshot by Jason Spezza.
12:56 of 1st period - Shot Blocked by Bryce Lampman.
12:58 of 1st period - Snap shot by Brayden McNabb.
12:58 of 1st period - Shot Blocked by Bryce Lampman.
13:00 of 1st period - Snap shot by Nick Palmieri.
13:00 of 1st period - Shot Misses the Net.
13:02 of 1st period - Snap shot by Jason Spezza.
13:02 of 1st period - Stopped by Kristers Gudlevskis with a rebound.
13:12 of 1st period - Steve Downie is hit by Milan Michalek and loses puck.
13:17 of 1st period - Snap shot by Milan Michalek.
13:17 of 1st period - Stopped by Kristers Gudlevskis without a rebound.
13:18 of 1st period - Luke Adam wins face-off versus Henrik Sedin in Canadiens zone.
13:28 of 1st period - Icing by Greg Stewart.
13:29 of 1st period - Jason Spezza wins face-off versus Henrik Sedin in Canadiens zone.
13:32 of 1st period - Slapshot by Jason Spezza.
13:32 of 1st period - Shot Misses the Net.
13:45 of 1st period - Minor Penalty to Philip Larsen for Hooking.
13:46 of 1st period - Jason Spezza wins face-off versus Corey Perry in Canadiens zone.
13:50 of 1st period - Slapshot by Drew Doughty.
13:50 of 1st period - Shot Blocked by Henrik Sedin.
13:52 of 1st period - Backhand shot by PK Subban.
13:52 of 1st period - Stopped by Kristers Gudlevskis without a rebound.
13:53 of 1st period - Jason Spezza wins face-off versus Corey Perry in Canadiens zone.
15:45 of 1st period - Penalty to Philip Larsen is over, Philip Larsen is back on ice.
16:56 of 1st period - Pierre-Marc Bouchard is hit by Brayden McNabb.
18:49 of 1st period - David Pastrnak is hit by Nick Palmieri and loses puck.
19:02 of 1st period - Philip Larsen is hit by Zach Boychuk and loses puck.
19:14 of 1st period - Icing by Cameron Gaunce.
19:15 of 1st period - Jason Spezza wins face-off versus Henrik Sedin in Canadiens zone.
19:40 of 1st period - Corey Perry is hit by Oskar Osala and loses puck.
Goals for this period are 0 for Sharks vs 1 for Canadiens.
Shots for this period are 9 for Sharks vs 12 for Canadiens.
2nd period
0:01 of 2nd period - Jason Spezza wins face-off versus Henrik Sedin in neutral zone.
0:09 of 2nd period - Snap shot by Bryce Lampman.
0:09 of 2nd period - Stopped by Ryan Miller without a rebound.
0:10 of 2nd period - Henrik Sedin wins face-off versus Jason Spezza in Sharks zone.
0:40 of 2nd period - Off-side.
0:41 of 2nd period - Frans Nielsen wins face-off versus Oskar Osala in neutral zone.
0:53 of 2nd period - Snap shot by Benoit Pouliot.
0:53 of 2nd period - Deflect By Frans Nielsen.
0:53 of 2nd period - Shot Hit the Post.
0:53 of 2nd period - Puck is out of play.
0:54 of 2nd period - Henrik Sedin wins face-off versus Jason Spezza in Sharks zone.
0:55 of 2nd period - Snap shot by Greg Stewart.
0:55 of 2nd period - Shot Misses the Net.
0:57 of 2nd period - Wrist shot by Greg Stewart.
0:57 of 2nd period - Shot Misses the Net.
0:59 of 2nd period - Snap shot by Henrik Sedin.
0:59 of 2nd period - Shot Misses the Net.
1:01 of 2nd period - Slapshot by Bryce Lampman.
1:01 of 2nd period - Shot Blocked by PK Subban.
1:03 of 2nd period - Snap shot by Colton Parayko.
1:03 of 2nd period - Shot Blocked by PK Subban.
1:05 of 2nd period - Snap shot by Greg Stewart.
1:05 of 2nd period - Stopped by Ryan Miller with a rebound.
1:07 of 2nd period - Wrist shot by Corey Perry.
1:07 of 2nd period - Stopped by Ryan Miller with a rebound.
1:09 of 2nd period - Slapshot by Colton Parayko.
1:09 of 2nd period - Stopped by Ryan Miller without a rebound.
1:10 of 2nd period - T.J. Hensick wins face-off versus Frans Nielsen in Sharks zone.
1:15 of 2nd period - Wrist shot by Brandon Dubinsky.
1:15 of 2nd period - Stopped by Kristers Gudlevskis without a rebound.
1:16 of 2nd period - Brandon Dubinsky wins face-off versus Frans Nielsen in Canadiens zone.
2:21 of 2nd period - Snap shot by Brandon Dubinsky.
2:21 of 2nd period - Stopped by Kristers Gudlevskis without a rebound.
2:22 of 2nd period - T.J. Hensick wins face-off versus Dustin Boyd in Canadiens zone.
2:33 of 2nd period - Snap shot by Brandon Dubinsky.
2:33 of 2nd period - Shot Blocked by Dustin Boyd.
2:37 of 2nd period - Snap shot by Brandon Dubinsky.
2:37 of 2nd period - Stopped by Kristers Gudlevskis without a rebound.
2:38 of 2nd period - Jason Spezza wins face-off versus Henrik Sedin in Canadiens zone.
3:32 of 2nd period - Slapshot by Milan Michalek.
3:32 of 2nd period - Shot Blocked by Brett Maclean.
3:34 of 2nd period - Snap shot by Luke Adam.
3:34 of 2nd period - Stopped by Kristers Gudlevskis without a rebound.
3:35 of 2nd period - Henrik Sedin wins face-off versus Jason Spezza in Canadiens zone.
3:35 of 2nd period - Henrik Sedin is hit by Nick Palmieri.
4:19 of 2nd period - Icing by Bryce Lampman.
4:20 of 2nd period - Frans Nielsen wins face-off versus Luke Adam in Canadiens zone.
4:20 of 2nd period - Frans Nielsen is hit by Luke Adam.
4:34 of 2nd period - Slapshot by Drew Doughty.
4:34 of 2nd period - Shot Misses the Net.
4:36 of 2nd period - Snap shot by PK Subban.
4:36 of 2nd period - Shot Misses the Net.
5:27 of 2nd period - Snap shot by Jordan Szwarz.
5:27 of 2nd period - Shot Blocked by Karl Alzner.
5:29 of 2nd period - Slapshot by Bryce Lampman.
5:29 of 2nd period - Deflect By Karl Alzner.
5:29 of 2nd period - Stopped by Ryan Miller with a rebound.
5:31 of 2nd period - Snap shot by Dustin Boyd.
5:31 of 2nd period - Shot Misses the Net.
6:20 of 2nd period - Snap shot by Frans Nielsen.
6:20 of 2nd period - Deflect By David Pastrnak.
6:20 of 2nd period - Shot Misses the Net.
6:20 of 2nd period - Puck is out of play.
6:21 of 2nd period - T.J. Hensick wins face-off versus Pierre-Marc Bouchard in Sharks zone.
7:09 of 2nd period - Benoit Pouliot is hit by Tyler Cuma and loses puck.
7:40 of 2nd period - Snap shot by Oskar Osala.
7:40 of 2nd period - Stopped by Kristers Gudlevskis without a rebound.
7:41 of 2nd period - Henrik Sedin wins face-off versus Jason Spezza in Canadiens zone.
7:46 of 2nd period - Slapshot by Drew Doughty.
7:46 of 2nd period - Stopped by Kristers Gudlevskis without a rebound.
7:47 of 2nd period - Henrik Sedin wins face-off versus Nick Palmieri in Canadiens zone.
8:12 of 2nd period - Slapshot by Raphael Diaz.
8:12 of 2nd period - Stopped by Ryan Miller without a rebound.
8:13 of 2nd period - T.J. Hensick wins face-off versus Frans Nielsen in Sharks zone.
8:13 of 2nd period - T.J. Hensick is hit by David Pastrnak.
8:34 of 2nd period - Off-side.
8:35 of 2nd period - Henrik Sedin wins face-off versus Jason Spezza in neutral zone.
8:58 of 2nd period - Icing by Nick Palmieri.
8:59 of 2nd period - T.J. Hensick wins face-off versus Frans Nielsen in Sharks zone.
9:06 of 2nd period - Slapshot by T.J. Hensick.
9:06 of 2nd period - Stopped by Kristers Gudlevskis with a rebound.
9:22 of 2nd period - Icing by PK Subban.
9:23 of 2nd period - Henrik Sedin wins face-off versus Jason Spezza in Sharks zone.
10:16 of 2nd period - Snap shot by Corey Perry.
10:16 of 2nd period - Shot Misses the Net.
10:18 of 2nd period - Slapshot by Bryce Lampman.
10:18 of 2nd period - Shot Misses the Net.
10:22 of 2nd period - Wrist shot by Corey Perry.
10:22 of 2nd period - Stopped by Ryan Miller with a rebound.
10:42 of 2nd period - Wrist shot by Corey Perry.
10:42 of 2nd period - Shot Blocked by Milan Michalek.
10:44 of 2nd period - Slapshot by Colton Parayko.
10:44 of 2nd period - Shot Blocked by Bobby Butler.
10:58 of 2nd period - Wrist shot by Corey Perry.
10:58 of 2nd period - Shot Misses the Net.
11:00 of 2nd period - Snap shot by Corey Perry.
11:00 of 2nd period - Stopped by Ryan Miller without a rebound.
11:01 of 2nd period - Benoit Pouliot wins face-off versus Jason Spezza in Sharks zone.
11:02 of 2nd period - Snap shot by David Pastrnak.
11:02 of 2nd period - Shot Misses the Net.
11:04 of 2nd period - Wrist shot by Frans Nielsen.
11:04 of 2nd period - Shot Misses the Net.
11:06 of 2nd period - Wrist shot by David Pastrnak.
11:06 of 2nd period - Shot Misses the Net.
11:08 of 2nd period - Slapshot by Mark Stuart.
11:08 of 2nd period - Deflect By Benoit Pouliot.
11:08 of 2nd period - Canadiens goal is going for a video replay.
11:08 of 2nd period - The goal is good.
11:08 of 2nd period - Goal by Benoit Pouliot - Sharks : 0 - Canadiens : 2.
11:09 of 2nd period - Frans Nielsen wins face-off versus Jason Spezza in neutral zone.
11:24 of 2nd period - Slapshot by David Pastrnak.
11:24 of 2nd period - Shot Misses the Net.
11:26 of 2nd period - Snap shot by Mark Stuart.
11:26 of 2nd period - Shot Blocked by Drew Doughty.
11:38 of 2nd period - Icing by Drew Doughty.
11:39 of 2nd period - Pierre-Marc Bouchard wins face-off versus T.J. Hensick in Sharks zone.
11:42 of 2nd period - Snap shot by Steve Downie.
11:42 of 2nd period - Shot Misses the Net.
11:54 of 2nd period - Snap shot by T.J. Hensick.
11:54 of 2nd period - Shot Misses the Net.
13:03 of 2nd period - Minor Penalty to Zach Boychuk for Holding.
13:04 of 2nd period - Jason Spezza wins face-off versus Frans Nielsen in Sharks zone.
13:12 of 2nd period - Wrist shot by Nick Palmieri.
13:12 of 2nd period - Stopped by Kristers Gudlevskis without a rebound.
13:13 of 2nd period - Frans Nielsen wins face-off versus Jason Spezza in Canadiens zone.
14:23 of 2nd period - Slapshot by David Pastrnak.
14:23 of 2nd period - Stopped by Ryan Miller without a rebound.
14:24 of 2nd period - Jason Spezza wins face-off versus Henrik Sedin in Sharks zone.
15:03 of 2nd period - Penalty to Zach Boychuk is over, Zach Boychuk is back on ice.
15:13 of 2nd period - Pierre-Marc Bouchard is hit by Tyler Cuma and loses puck.
15:28 of 2nd period - Minor Penalty to Bobby Butler for Hooking.
15:29 of 2nd period - Henrik Sedin wins face-off versus Jason Spezza in Sharks zone.
16:10 of 2nd period - Henrik Sedin is hit by Mike Cammalleri and loses puck.
17:16 of 2nd period - Benoit Pouliot is hit by Brandon Dubinsky and loses puck.
17:28 of 2nd period - Penalty to Bobby Butler is over, Bobby Butler is back on ice.
17:49 of 2nd period - Raphael Diaz is hit by Luke Adam and loses puck.
18:04 of 2nd period - Snap shot by Brandon Dubinsky.
18:04 of 2nd period - Shot Blocked by Mark Stuart.
18:06 of 2nd period - Slapshot by Tyler Cuma.
18:06 of 2nd period - Shot Blocked by Raphael Diaz.
18:18 of 2nd period - PK Subban is hit by Steve Downie and loses puck.
18:31 of 2nd period - Cameron Gaunce is hit by Luke Adam and loses puck.
18:56 of 2nd period - Brandon Dubinsky is hit by Brett Maclean and loses puck.
19:25 of 2nd period - Brayden McNabb is hit by Philip Larsen and loses puck.
19:42 of 2nd period - Snap shot by Nick Palmieri.
19:42 of 2nd period - Shot Misses the Net.
19:44 of 2nd period - Snap shot by Andrej Sekera.
19:44 of 2nd period - Shot Blocked by Colton Parayko.
19:54 of 2nd period - T.J. Hensick is hit by Dustin Boyd and loses puck.
Goals for this period are 0 for Sharks vs 1 for Canadiens.
Shots for this period are 8 for Sharks vs 10 for Canadiens.
3rd period
0:01 of 3rd period - Jason Spezza wins face-off versus Henrik Sedin in neutral zone.
0:04 of 3rd period - Slapshot by PK Subban.
0:04 of 3rd period - Stopped by Kristers Gudlevskis with a rebound.
0:06 of 3rd period - Snap shot by PK Subban.
0:06 of 3rd period - Shot Hit the Post.
0:32 of 3rd period - Slapshot by Brandon Dubinsky.
0:32 of 3rd period - Stopped by Kristers Gudlevskis with a rebound.
1:07 of 3rd period - Off-side.
1:08 of 3rd period - Jason Spezza wins face-off versus Dustin Boyd in neutral zone.
1:50 of 3rd period - Slapshot by Brayden McNabb.
1:50 of 3rd period - Shot Blocked by Dustin Boyd.
2:27 of 3rd period - Snap shot by Dustin Boyd.
2:27 of 3rd period - Stopped by Ryan Miller without a rebound.
2:28 of 3rd period - T.J. Hensick wins face-off versus Henrik Sedin in Sharks zone.
2:41 of 3rd period - Snap shot by Greg Stewart.
2:41 of 3rd period - Shot Blocked by Drew Doughty.
2:43 of 3rd period - Snap shot by Henrik Sedin.
2:43 of 3rd period - Stopped by Ryan Miller with a rebound.
2:45 of 3rd period - Slapshot by Colton Parayko.
2:45 of 3rd period - Shot Blocked by Brandon Dubinsky.
3:17 of 3rd period - Snap shot by Jiri Tlusty.
3:17 of 3rd period - Shot Misses the Net.
3:27 of 3rd period - Slapshot by Benoit Pouliot.
3:27 of 3rd period - Shot Misses the Net.
3:29 of 3rd period - Wrist shot by Benoit Pouliot.
3:29 of 3rd period - Goal by Benoit Pouliot - Sharks : 0 - Canadiens : 3.
3:30 of 3rd period - T.J. Hensick wins face-off versus Henrik Sedin in neutral zone.
4:21 of 3rd period - Wrist shot by Boone Jenner.
4:21 of 3rd period - Shot Misses the Net.
4:23 of 3rd period - Snap shot by Jiri Tlusty.
4:23 of 3rd period - Stopped by Kristers Gudlevskis without a rebound.
4:24 of 3rd period - Frans Nielsen wins face-off versus Boone Jenner in Canadiens zone.
4:31 of 3rd period - Karl Alzner is hit by Frans Nielsen and loses puck.
4:48 of 3rd period - Wrist shot by Zach Boychuk.
4:48 of 3rd period - Shot Misses the Net.
4:50 of 3rd period - Snap shot by Jiri Tlusty.
4:50 of 3rd period - Shot Blocked by Colton Parayko.
4:52 of 3rd period - Snap shot by Jiri Tlusty.
4:52 of 3rd period - Stopped by Kristers Gudlevskis without a rebound.
4:53 of 3rd period - Henrik Sedin wins face-off versus Jason Spezza in Canadiens zone.
5:07 of 3rd period - Minor Penalty to Brayden McNabb for Tripping.
5:08 of 3rd period - Henrik Sedin wins face-off versus Jason Spezza in Sharks zone.
5:14 of 3rd period - Snap shot by Benoit Pouliot.
5:14 of 3rd period - Stopped by Ryan Miller with a rebound.
5:16 of 3rd period - Slapshot by Benoit Pouliot.
5:16 of 3rd period - Goal by Benoit Pouliot - Sharks : 0 - Canadiens : 4.
5:17 of 3rd period - Corey Perry wins face-off versus Jason Spezza in neutral zone.
5:33 of 3rd period - Snap shot by Jason Spezza.
5:33 of 3rd period - Shot Blocked by Colton Parayko.
6:06 of 3rd period - Snap shot by Steve Downie.
6:06 of 3rd period - Stopped by Ryan Miller with a rebound.
6:08 of 3rd period - Snap shot by Brett Maclean.
6:08 of 3rd period - Shot Misses the Net.
6:10 of 3rd period - Snap shot by Steve Downie.
6:10 of 3rd period - Shot Misses the Net.
6:24 of 3rd period - Slapshot by Tyler Cuma.
6:24 of 3rd period - Stopped by Kristers Gudlevskis with a rebound.
7:12 of 3rd period - Slapshot by David Pastrnak.
7:12 of 3rd period - Shot Misses the Net.
7:58 of 3rd period - Snap shot by Dustin Boyd.
7:58 of 3rd period - Shot Blocked by Jiri Tlusty.
8:37 of 3rd period - Snap shot by Benoit Pouliot.
8:37 of 3rd period - Shot Blocked by Brayden McNabb.
8:45 of 3rd period - Snap shot by Benoit Pouliot.
8:45 of 3rd period - Stopped by Ryan Miller with a rebound.
9:23 of 3rd period - Wrist shot by Zach Boychuk.
9:23 of 3rd period - Goal by Zach Boychuk - Sharks : 1 - Canadiens : 4.
9:24 of 3rd period - Nick Palmieri wins face-off versus Henrik Sedin in neutral zone.
9:29 of 3rd period - Snap shot by Jason Spezza.
9:29 of 3rd period - Shot Misses the Net.
9:56 of 3rd period - Wrist shot by Pierre-Marc Bouchard.
9:56 of 3rd period - Shot Blocked by Karl Alzner.
9:58 of 3rd period - Snap shot by Cameron Gaunce.
9:58 of 3rd period - Shot Blocked by Tyler Cuma.
10:00 of 3rd period - Slapshot by Steve Downie.
10:00 of 3rd period - Deflect By Pierre-Marc Bouchard.
10:00 of 3rd period - Shot Misses the Net.
10:00 of 3rd period - Puck is out of play.
10:01 of 3rd period - Luke Adam wins face-off versus Henrik Sedin in Sharks zone.
11:13 of 3rd period - Snap shot by Oskar Osala.
11:13 of 3rd period - Goal by Oskar Osala - Sharks : 2 - Canadiens : 4.
11:14 of 3rd period - Jason Spezza wins face-off versus Henrik Sedin in neutral zone.
11:19 of 3rd period - Snap shot by Nick Palmieri.
11:19 of 3rd period - Deflect By Jason Spezza.
11:19 of 3rd period - Shot Misses the Net.
11:19 of 3rd period - Puck is out of play.
11:20 of 3rd period - Henrik Sedin wins face-off versus Jason Spezza in Canadiens zone.
11:50 of 3rd period - Snap shot by Oskar Osala.
11:50 of 3rd period - Goal by Oskar Osala - Sharks : 3 - Canadiens : 4.
11:51 of 3rd period - Jason Spezza wins face-off versus Henrik Sedin in neutral zone.
12:04 of 3rd period - Slapshot by Nick Palmieri.
12:04 of 3rd period - Shot Misses the Net.
12:06 of 3rd period - Wrist shot by Nick Palmieri.
12:06 of 3rd period - Shot Misses the Net.
12:18 of 3rd period - Wrist shot by Luke Adam.
12:18 of 3rd period - Stopped by Kristers Gudlevskis without a rebound.
12:19 of 3rd period - Frans Nielsen wins face-off versus Luke Adam in Canadiens zone.
13:59 of 3rd period - Off-side.
14:00 of 3rd period - Frans Nielsen wins face-off versus Luke Adam in neutral zone.
14:04 of 3rd period - Off-side.
14:05 of 3rd period - T.J. Hensick wins face-off versus David Pastrnak in neutral zone.
14:08 of 3rd period - Philip Larsen is hit by PK Subban and loses puck.
14:21 of 3rd period - Backhand shot by T.J. Hensick.
14:21 of 3rd period - Stopped by Kristers Gudlevskis with a rebound.
14:37 of 3rd period - Snap shot by Henrik Sedin.
14:37 of 3rd period - Stopped by Ryan Miller without a rebound.
14:38 of 3rd period - Henrik Sedin wins face-off versus Jason Spezza in Sharks zone.
14:48 of 3rd period - Andrej Sekera is hit by Corey Perry and loses puck.
15:05 of 3rd period - Brandon Dubinsky is hit by Frans Nielsen and loses puck.
15:10 of 3rd period - Snap shot by David Pastrnak.
15:10 of 3rd period - Deflect By Benoit Pouliot.
15:10 of 3rd period - Stopped by Ryan Miller with a rebound.
16:13 of 3rd period - Slapshot by PK Subban.
16:13 of 3rd period - Deflect By Colton Parayko.
16:13 of 3rd period - Stopped by Kristers Gudlevskis with a rebound.
16:17 of 3rd period - Slapshot by Drew Doughty.
16:17 of 3rd period - Shot Blocked by Bryce Lampman.
16:40 of 3rd period - Off-side.
16:41 of 3rd period - Pierre-Marc Bouchard wins face-off versus Luke Adam in neutral zone.
16:56 of 3rd period - Snap shot by Milan Michalek.
16:56 of 3rd period - Shot Misses the Net.
17:04 of 3rd period - Backhand shot by Luke Adam.
17:04 of 3rd period - Shot Misses the Net.
17:06 of 3rd period - Slapshot by Tyler Cuma.
17:06 of 3rd period - Stopped by Kristers Gudlevskis with a rebound.
17:08 of 3rd period - Slapshot by Karl Alzner.
17:08 of 3rd period - Shot Misses the Net.
17:10 of 3rd period - Snap shot by Milan Michalek.
17:10 of 3rd period - Shot Misses the Net.
17:12 of 3rd period - Snap shot by Luke Adam.
17:12 of 3rd period - Shot Misses the Net.
17:22 of 3rd period - Slapshot by Tyler Cuma.
17:22 of 3rd period - Shot Blocked by Philip Larsen.
17:24 of 3rd period - Backhand shot by Tyler Cuma.
17:24 of 3rd period - Shot Misses the Net.
17:28 of 3rd period - Snap shot by Luke Adam.
17:28 of 3rd period - Shot Blocked by Steve Downie.
17:30 of 3rd period - Snap shot by Bobby Butler.
17:30 of 3rd period - Shot Misses the Net.
17:32 of 3rd period - Slapshot by Karl Alzner.
17:32 of 3rd period - Stopped by Kristers Gudlevskis with a rebound.
17:34 of 3rd period - Slapshot by Tyler Cuma.
17:34 of 3rd period - Shot Blocked by Brett Maclean.
17:36 of 3rd period - Wrist shot by Milan Michalek.
17:36 of 3rd period - Shot Misses the Net.
17:38 of 3rd period - Wrist shot by Karl Alzner.
17:38 of 3rd period - Stopped by Kristers Gudlevskis with a rebound.
17:40 of 3rd period - Snap shot by Milan Michalek.
17:40 of 3rd period - Goal by Milan Michalek - Sharks : 4 - Canadiens : 4.
17:41 of 3rd period - Henrik Sedin wins face-off versus Jason Spezza in neutral zone.
18:33 of 3rd period - Frans Nielsen is hit by Zach Boychuk and loses puck.
18:50 of 3rd period - Raphael Diaz is hit by Jason Spezza and loses puck.
19:38 of 3rd period - Slapshot by Tyler Cuma.
19:38 of 3rd period - Goal by Tyler Cuma - Sharks : 5 - Canadiens : 4.
19:39 of 3rd period - Greg Stewart wins face-off versus Jason Spezza in neutral zone.
19:42 of 3rd period - Canadiens, Kristers Gudlevskis is pulled from the net.
19:44 of 3rd period - Wrist shot by Bryce Lampman.
19:44 of 3rd period - Stopped by Ryan Miller with a rebound.
19:46 of 3rd period - Snap shot by Henrik Sedin.
19:46 of 3rd period - Shot Blocked by PK Subban.
19:48 of 3rd period - Snap shot by Henrik Sedin.
19:48 of 3rd period - Shot Blocked by PK Subban.
Goals for this period are 5 for Sharks vs 2 for Canadiens.
Shots for this period are 16 for Sharks vs 10 for Canadiens.